 Dungeon Sprint DCSS version 0.19-a0-916-g8ae7e35 (webtiles) character file.

61812 LORDOFBUTT the Skullcrusher (level 14, 0/243 HPs)
             Began as a Minotaur Berserker on July 5, 2016.
             Was the Champion of Trog.
             Killed by vampiric draining
             ... invoked by Jory
              (14 damage)
             ... in the Dungeon (Sprint IX: "|||||||||||||||||||||||||||||").
             The game lasted 00:11:22 (5073 turns).

LORDOFBUTT the Skullcrusher (Minotaur Berserker)    Turns: 5073, Time: 00:11:23

Health: 0/243      AC: 24    Str: 23    XL:     14   Next: 62%
Magic:  13/13      EV: 19    Int:  4    God:    Trog [******]
Gold:   1669       SH:  0    Dex: 20    Spells: 0 memorised, 13 levels left

rFire  + . .     SeeInvis .     C - +13 morningstar "Iwot" {venom, rPois rC+ Str-5 Dex+3}
rCold  + . .     Gourm    .     y - +1 chain mail {rF+}
rNeg   . . .     Faith    .     (no shield)
rPois  +         Spirit   .     r - +0 hat
rElec  .         Dismiss  .     A - +0 cloak
rCorr  .         Reflect  .     z - +0 pair of gloves
SustAt .         Harm     .     o - +0 pair of boots
MR     +....     NoTele   +     (no amulet)
Stlth  ..........               n - +3 ring of dexterity
                                a - +2 ring of protection

@: berserking, very quick, somewhat resistant to hostile enchantments, extremely
unstealthy
A: retaliatory headbutt, horns 2
a: Berserk, Trog's Hand, Brothers in Arms, Burn Spellbooks, Renounce Religion


You were in the Dungeon.
You worshipped Trog.
Trog was exalted by your worship.
You were hungry.

You visited 1 branch You collected 1900 gold pieces.
You spent 231 gold pieces at shops.

Inventory:

Hand Weapons
 b - the +8 shortbow of Extremism {velocity, rC+ Int+2}
   (Trog gifted it to you in the Dungeon)

   Any arrow fired from it inflicts extra damage.
   It affects your intelligence (+2).
   It protects you from cold.
 f - the +6 morningstar "Weve" {vamp, rElec rC+ Int+3 Dex+2}
   (Trog gifted it to you in the Dungeon)

   It inflicts no extra harm, but heals its wielder somewhat when it strikes a
   living foe.
   It affects your intelligence (+3).
   It affects your dexterity (+2).
   It protects you from cold.
   It insulates you from electricity.
 C - the +13 morningstar "Iwot" (weapon) {venom, rPois rC+ Str-5 Dex+3}
   (Trog gifted it to you in the Dungeon)

   It poisons the flesh of those it strikes.
   It affects your strength (-5).
   It affects your dexterity (+3).
   It protects you from cold.
   It protects you from poison.
 H - the +7 morningstar of Trog's Righteous Fury {crush, rPois rC+ rN+ Stlth+}
   (Trog gifted it to you in the Dungeon)

   It inflicts extra damage upon your enemies.
   It protects you from cold.
   It protects you from poison.
   It protects you from negative energy.
   It makes you more stealthy.
Missiles
 B - 198 arrows
Armour
 o - a +0 pair of boots (worn)
 r - a +0 hat (worn)
 y - a +1 chain mail of fire resistance (worn)
 z - a +0 pair of gloves (worn)
 A - a +0 cloak (worn)
Jewellery
 a - a +2 ring of protection (left hand)
 n - a +3 ring of dexterity (right hand)
 D - an uncursed ring of fire
 E - an uncursed ring of ice
 F - an uncursed ring of fire
Wands
 l - a wand of iceblast (7/15)
Scrolls
 i - 4 scrolls of blinking
 k - 4 scrolls of remove curse
 m - 4 scrolls of recharging
 w - a scroll of fear
 x - a scroll of identify
 G - 2 scrolls of enchant weapon
Potions
 d - 5 potions of curing
 e - 2 potions of invisibility
 g - 4 potions of magic
 h - 3 potions of berserk rage
 p - 2 potions of brilliance
 s - a potion of resistance
 t - 3 potions of cure mutation
 u - a potion of might
Comestibles
 c - 13 bread rations
 q - 40 fruits
 v - 8 meat rations


   Skills:
 + Level 25.4 Fighting
 O Level 27 Maces & Flails
 + Level 7.4 Bows
 + Level 20.1 Armour
 + Level 14.6 Dodging
 + Level 2.5 Stealth


You had 13 spell levels left.
You didn't know any spells.

Dungeon Overview and Level Annotations

Branches:
Dungeon (1/1)

Altars:
Cheibriados
Dithmenos
Elyvilon
Fedhas
Gozag
Hepliaklqana
Kikubaaqudgha
Makhleb
Nemelex Xobeh
Okawaru
Pakellas
Qazlal
Ru
Sif Muna
Trog
Uskayaw
Vehumet
Xom
Yredelemnul
Zin
The Shining One
Beogh
Jiyva
Lugonu

Shops:
D *([[

Annotations:
D Jory


Innate Abilities, Weirdness & Mutations

You reflexively headbutt those who attack you in melee.
You have a pair of horns on your head.


Message History

You are too injured to fight recklessly!
You are too injured to fight recklessly!
You sock Jory! Your headbutt misses Jory.
Jory is moderately damaged.
Jory hits you but does no damage. Jory bites you but does no damage.
You sock Jory! Your headbutt misses Jory.
Jory is moderately damaged.
You barely miss Jory.
Jory is moderately damaged.
You impale Jory!! You headbutt Jory, but do no damage.
Jory is heavily damaged.
Jory hits you but does no damage. Jory bites you!
* * * LOW HITPOINT WARNING * * *
Jory draws strength from your injuries!
You closely miss Jory.
Jory is heavily damaged.
You bludgeon Jory!!
Jory is severely damaged.
Jory is infused with unholy energy.
You die...

▓..............................
▓▓▓▓▓▓▓▓▓▓▓▓▓▓▓▓▓▓▓▓▓▓▓▓▓▓▓▓▓▓▓
▓............'...)(.()(†)......
▓.▓▓▓▓▓▓▓▓▓▓▓▓▓▓▓▓▓▓▓▓▓▓▓▓▓▓▓▓▓
▓.....†........................
▓▓▓▓▓▓▓▓▓▓▓▓▓▓▓▓▓▓▓▓▓▓▓▓▓▓▓▓▓▓▓
▓.........'.............)))))))
▓.▓▓▓▓▓▓▓▓▓▓▓▓▓▓▓▓▓▓▓▓▓▓▓▓▓▓▓▓▓
▓.............@V......
▓▓▓▓▓▓▓▓▓▓▓▓▓▓▓▓▓▓▓▓▓▓


You could see Jory.

Vanquished Creatures
  A lich (D)
  A sphinx (D)
  2 storm dragons (D)
  A thorn hunter (D)
  Gastronok (D)
  An emperor scorpion (D)
  An iron dragon (D)
  A frost giant (D)
  A very ugly thing (D)
  An ironheart preserver (D)
  2 stone giants (D)
  An entropy weaver (D)
  An ettin (D)
  A merfolk javelineer (D)
  2 great orbs of eyes (D)
  A naga warrior (D)
  2 hydras (D)
  A rakshasa (D)
  An ice dragon (D)
  A merfolk avatar (D)
  5 centaur warriors (D)
  A death knight (D)
  2 anacondas (D)
  2 ogre magi (D)
  A death yak (D)
  A deep troll earth mage (D)
  A deep elf knight (D)
  A shadow wraith (D)
  An unseen horror (D)
  A sea snake (D)
  A hell knight (D)
  A giant orange brain (D)
  A giant orange brain (shapeshifter) (D)
  A spriggan druid (D)
  A flayed ghost (D)
  A harpy (D)
  2 ironbrand convokers (D)
  A swamp dragon (D)
  A harpy (shapeshifter) (D)
  A hill giant (D)
  14 orc knights (D)
  A necromancer (D)
  An orb spider (D)
  An ugly thing (D)
  2 griffons (D)
  A hornet (D)
  A moth of wrath (D)
  A wolf spider (D)
  2 cyclopes (D)
  A water nymph (D)
  A vault sentinel (D)
  2 naga magi (D)
  3 black mambas (D)
  3 spiny frogs (D)
  A merfolk (D)
  3 polar bears (D)
  3 slime creatures (D)
  2 trolls (D)
  A jumping spider (D)
  2 giant leeches (D)
  A snapping turtle (D)
  A blink frog (D)
  A tarantella (D)
  A wraith (D)
  A redback (D)
  A wyvern (D)
  2 yaks (D)
  2 vampire mosquitoes (D)
  Grum (D)
  6 porcupines (D)
  2 water moccasins (D)
  14 orc warriors (D)
  2 wolves (D)
  An eye of draining (D)
  5 black bears (D)
  A wasp (D)
  A boggart (D)
  2 crocodiles (D)
  3 giant frogs (D)
  A crimson imp (D)
  A gnoll shaman (D)
  A jelly (D)
  3 orc wizards (D)
  4 orc priests (D)
  An iguana (D)
  A worker ant (D)
  A gnoll (D)
  An adder (D)
  An adder zombie (D)
  A giant gecko (D)
  12 orcs (D)
  A bat skeleton (D)
  A kobold (D)
  A ball python (D)
  A giant gecko skeleton (D)
  A rat (D)
178 creatures vanquished.

Vanquished Creatures (collateral kills)
  A centaur warrior (D)
  An alligator snapping turtle (D)
  A yaktaur (D)
3 creatures vanquished.

Vanquished Creatures (others)
  A spatial maelstrom (D)
1 creature vanquished.

Grand Total: 182 creatures vanquished

Notes
Turn   | Place    | Note
-------+----------+-------------------------------------------
     0 | D        | LORDOFBUTT the Minotaur Berserker began the quest for the Orb.
     0 | D        | Reached XP level 1. HP: 19/19 MP: 0/0
     0 | D        | Banished a spatial maelstrom
     6 | D        | Reached skill level 4 in Maces & Flails
     6 | D        | Reached XP level 2. HP: 24/28 MP: 1/1
     7 | D        | Reached skill level 5 in Maces & Flails
    11 | D        | Reached ** piety under Trog
    11 | D        | Reached skill level 5 in Fighting
    20 | D        | Reached *** piety under Trog
    30 | D        | Reached XP level 3. HP: 12/36 MP: 2/2
    32 | D        | Reached skill level 6 in Maces & Flails
   265 | D        | Found a glowing silver altar of Zin.
   265 | D        | Found a glowing golden altar of the Shining One.
   265 | D        | Found an ancient bone altar of Kikubaaqudgha.
   265 | D        | Found a basalt altar of Yredelemnul.
   265 | D        | Found a shimmering altar of Xom.
   265 | D        | Found a radiant altar of Vehumet.
   266 | D        | Found an iron altar of Okawaru.
   267 | D        | Found a burning altar of Makhleb.
   268 | D        | Found a deep blue altar of Sif Muna.
   269 | D        | Found a bloodstained altar of Trog.
   270 | D        | Found a sparkling altar of Nemelex Xobeh.
   271 | D        | Found a white marble altar of Elyvilon.
   272 | D        | Found a roughly hewn altar of Beogh.
   273 | D        | Found a viscous altar of Jiyva.
   274 | D        | Found a corrupted altar of Lugonu.
   275 | D        | Found a blossoming altar of Fedhas.
   276 | D        | Found a snail-covered altar of Cheibriados.
   277 | D        | Found a shadowy altar of Dithmenos.
   278 | D        | Found a stormy altar of Qazlal.
   279 | D        | Found an opulent altar of Gozag.
   280 | D        | Found a sacrificial altar of Ru.
   281 | D        | Found an oddly glowing altar of Pakellas.
   282 | D        | Found a hide-covered altar of Uskayaw.
   283 | D        | Found a hazy altar of Hepliaklqana.
   333 | D        | Noticed a wyvern
   333 | D        | Noticed a yak
   337 | D        | Killed a yak
   337 | D        | Reached **** piety under Trog
   337 | D        | Reached skill level 9 in Maces & Flails
   337 | D        | Reached skill level 5 in Dodging
   337 | D        | Reached XP level 4. HP: 49/49 MP: 3/3
   337 | D        | Reached XP level 5. HP: 56/56 MP: 4/4
   342 | D        | Reached skill level 5 in Armour
   348 | D        | Killed a wyvern
   348 | D        | Reached skill level 10 in Fighting
   348 | D        | Reached skill level 10 in Maces & Flails
   348 | D        | Reached XP level 6. HP: 67/67 MP: 5/5
   351 | D        | Reached ***** piety under Trog
   351 | D        | Reached skill level 11 in Maces & Flails
   399 | D        | Noticed a troll
   399 | D        | Noticed a centaur warrior
   399 | D        | Noticed a troll
   399 | D        | Noticed a hill giant
   405 | D        | Killed a hill giant
   405 | D        | Reached skill level 12 in Maces & Flails
   405 | D        | Reached XP level 7. HP: 71/77 MP: 6/6
   416 | D        | Killed a troll
   416 | D        | Reached skill level 13 in Maces & Flails
   416 | D        | Reached XP level 8. HP: 52/85 MP: 7/7
   420 | D        | Killed a centaur warrior
   420 | D        | Received a gift from Trog
   420 | D        | Reached skill level 14 in Maces & Flails
   421 | D        | Killed a troll
   544 | D        | Noticed a spiny frog
   544 | D        | Noticed a blink frog
   546 | D        | Noticed a death yak
   547 | D        | Reached XP level 9. HP: 94/94 MP: 8/8
   549 | D        | Killed a spiny frog
   549 | D        | Reached skill level 10 in Dodging
   550 | D        | Reached skill level 15 in Maces & Flails
   552 | D        | Noticed a spiny frog
   554 | D        | Reached ****** piety under Trog
   560 | D        | Killed a death yak
   560 | D        | Received a gift from Trog
   560 | D        | Reached skill level 15 in Fighting
   560 | D        | Reached skill level 16 in Maces & Flails
   565 | D        | Killed a spiny frog
   565 | D        | Reached skill level 10 in Armour
   680 | D        | Reached XP level 10. HP: 106/106 MP: 3/9
   685 | D        | Noticed a griffon
   702 | D        | Killed a griffon
   702 | D        | Reached skill level 17 in Maces & Flails
   731 | D        | Received a gift from Trog
   744 | D        | Received a gift from Trog
   858 | D        | Noticed Gastronok
   870 | D        | Killed Gastronok
   870 | D        | Reached skill level 18 in Maces & Flails
  1056 | D        | Noticed an orc knight
  1068 | D        | Killed an orc knight
  1068 | D        | Received a gift from Trog
  1068 | D        | Reached skill level 19 in Maces & Flails
  1068 | D        | Reached XP level 11. HP: 117/117 MP: 3/10
  1072 | D        | Received a gift from Trog
  1126 | D        | Got a fine shortbow {god gift}
  1130 | D        | Identified the +8 shortbow of Extremism {velocity, rC+ Int+2} (Trog gifted it to you in the Dungeon)
  1649 | D        | Received a gift from Trog
  1703 | D        | Found Ugetod's Armour Boutique.
  1703 | D        | Noticed an orc knight
  1703 | D        | Noticed an orc knight
  1703 | D        | Noticed an orc knight
  1703 | D        | Noticed an orc knight
  1705 | D        | Noticed an orc knight
  1709 | D        | Noticed an orc knight
  1712 | D        | Killed an orc knight
  1713 | D        | Found Foudah's Antique Armour Shop.
  1715 | D        | Killed an orc knight
  1715 | D        | Received a gift from Trog
  1720 | D        | Killed an orc knight
  1720 | D        | Reached skill level 20 in Maces & Flails
  1721 | D        | Found Idumorph's Weapon Boutique.
  1723 | D        | Killed an orc knight
  1728 | D        | Killed an orc knight
  1731 | D        | Killed an orc knight
  1732 | D        | Found Qeitsa's General Store.
  1743 | D        | Noticed an orc knight
  1745 | D        | Noticed an orc knight
  1752 | D        | Killed an orc knight
  1752 | D        | Received a gift from Trog
  1752 | D        | Reached skill level 21 in Maces & Flails
  1756 | D        | Killed an orc knight
  1787 | D        | Got a dazzling morningstar {god gift}
  1788 | D        | Identified the +13 morningstar "Iwot" {venom, rPois rC+ Str-5 Dex+3} (Trog gifted it to you in the Dungeon)
  1809 | D        | Bought a +1 chain mail of fire resistance for 231 gold pieces
  1886 | D        | Noticed Grum
  1891 | D        | Killed Grum
  1980 | D        | Noticed an orc knight
  1980 | D        | Noticed a seven-headed hydra
  1983 | D        | Killed a seven-headed hydra
  1993 | D        | Killed an orc knight
  1994 | D        | Noticed an ogre mage
  1995 | D        | Noticed a giant orange brain
  1996 | D        | Noticed a centaur warrior
  1996 | D        | Received a gift from Trog
  1998 | D        | Reached skill level 22 in Maces & Flails
  1999 | D        | Noticed a red very ugly thing
  2000 | D        | Noticed a great orb of eyes
  2003 | D        | Killed an ogre mage
  2003 | D        | Reached XP level 12. HP: 128/128 MP: 0/11
  2007 | D        | Killed a centaur warrior
  2009 | D        | Killed a red very ugly thing
  2013 | D        | Killed a great orb of eyes
  2014 | D        | Noticed a stone giant
  2017 | D        | Reached skill level 23 in Maces & Flails
  2023 | D        | Killed a stone giant
  2023 | D        | Received a gift from Trog
  2257 | D        | Noticed a thorn hunter
  2271 | D        | Killed a thorn hunter
  2271 | D        | Reached skill level 1 in Stealth
  2284 | D        | Reached skill level 15 in Armour
  2288 | D        | Received a gift from Trog
  2292 | D        | Reached skill level 24 in Maces & Flails
  2417 | D        | Noticed a four-headed hydra
  2423 | D        | Killed a four-headed hydra
  2590 | D        | Noticed an anaconda
  2590 | D        | Noticed a naga warrior
  2590 | D        | Noticed an anaconda
  2595 | D        | Killed an anaconda
  2598 | D        | Received a gift from Trog
  2602 | D        | Reached skill level 1 in Bows
  2613 | D        | Killed a naga warrior
  2616 | D        | Killed an anaconda
  2616 | D        | Received a gift from Trog
  2616 | D        | Reached XP level 13. HP: 64/141 MP: 12/12
  2624 | D        | Got a smoking morningstar {god gift}
  2625 | D        | Identified the +7 morningstar of Trog's Righteous Fury {crush, rPois rC+ rN+ Stlth+} (Trog gifted it to you in the Dungeon)
  2870 | D        | Noticed an emperor scorpion
  2870 | D        | Noticed an entropy weaver
  2875 | D        | Killed an entropy weaver
  2875 | D        | Reached skill level 25 in Maces & Flails
  2886 | D        | Killed an emperor scorpion
  2890 | D        | Received a gift from Trog
  2969 | D        | Noticed a merfolk javelineer
  2972 | D        | Received a gift from Trog
  2981 | D        | Killed a merfolk javelineer
  2991 | D        | Received a gift from Trog
  3001 | D        | Received a gift from Trog
  3471 | D        | Noticed a stone giant
  3474 | D        | Noticed a storm dragon
  3476 | D        | Killed a stone giant
  3476 | D        | Reached skill level 26 in Maces & Flails
  3481 | D        | Noticed an iron dragon
  3485 | D        | Received a gift from Trog
  3513 | D        | HP: 3/146 [iron dragon/spray of metal splinters (36)]
  4042 | D        | Killed an iron dragon
  4109 | D        | Killed a storm dragon
  4109 | D        | Received a gift from Trog
  4113 | D        | Noticed a lich
  4126 | D        | Killed a lich
  4170 | D        | Received a gift from Trog
  4176 | D        | Received a gift from Trog
  4176 | D        | Reached skill level 27 in Maces & Flails
  4290 | D        | Noticed a storm dragon
  4293 | D        | Noticed an ettin
  4300 | D        | Killed a storm dragon
  4300 | D        | Reached XP level 14. HP: 80/157 MP: 13/13
  4319 | D        | Paralysed by a great orb of eyes for 7 turns
  4682 | D        | Received a gift from Trog
  4744 | D        | Received a gift from Trog
  4747 | D        | Reached skill level 5 in Bows
  4756 | D        | Noticed an ironheart preserver
  4759 | D        | Received a gift from Trog
  4765 | D        | Noticed a frost giant
  4770 | D        | Noticed a sphinx
  4772 | D        | Killed an ironheart preserver
  4775 | D        | Received a gift from Trog
  4782 | D        | Killed a frost giant
  4789 | D        | Killed a sphinx
  4789 | D        | Received a gift from Trog
  4802 | D        | Received a gift from Trog
  4829 | D        | Got a scorched morningstar {god gift}
  5002 | D        | Identified the +6 morningstar "Weve" {vamp, rElec rC+ Int+3 Dex+2} (Trog gifted it to you in the Dungeon)
  5052 | D        | Noticed Jory
  5073 | D        | Killed from afar by Jory

Vault maps used:
D:        linesprint

Skill      XL: |  1  2  3  4  5  6  7  8  9 10 11 12 13 14 |
---------------+-------------------------------------------+-----
Fighting       | 4 5 8 10 12 13 15 17 18 20 23 25 | 25.4
Maces & Flails | 4 5 9 10 12 13 14 16 19 22 24 27 | 27.0
Armour         | 3 4 5 6 7 8 10 12 14 15 18 20 | 20.1
Dodging        | 3 5 7 8 9 10 11 12 13 14 | 14.6
Stealth        | 1 2 |  2.5
Bows           | 1 4 7 |  7.4

Action                   |  1- 3 |  4- 6 |  7- 9 | 10-12 | 13-15 || total
-------------------------+-------+-------+-------+-------+-------++-------
Melee: Mace              |    20 |       |       |       |       ||    20
       Headbutt          |     6 |     3 |     9 |    53 |    81 ||   152
       Dire flail        |     3 |    17 |    14 |       |       ||    34
       Great mace        |       |       |    22 |   135 |       ||   157
       Morningstar       |       |       |       |   106 |   237 ||   343
 Fire: Shortbow          |       |       |       |     3 |    10 ||    13
Invok: Berserk           |     2 |     1 |     2 |     5 |     7 ||    17
       Brothers in Arms  |       |       |       |       |     2 ||     2
  Use: Potion            |     1 |       |       |       |     5 ||     6
       Scroll            |       |       |       |       |     1 ||     1
  Eat: Chunk             |       |       |     3 |     2 |       ||     5
       Meat ration       |       |       |       |     2 |     4 ||     6
Armor: Animal skin       |     4 |       |       |       |       ||     4
       Plate armour      |     2 |     3 |    10 |    33 |       ||    48
       Chain mail        |       |       |       |    24 |    89 ||   113
Dodge: Dodged            |    21 |     2 |    10 |   100 |   118 ||   251
